 Dungeon Crawl Stone Soup version 0.30.0-19-g36f170ea60 (webtiles) character file.

Game seed: 5351558183650981602

35919 bmack86 the Severer (level 13, -5/128 HPs)
             Began as a Minotaur Fighter on May 29, 2023.
             Was an Initiate of Gozag.
             Killed from afar by a starcursed mass (11 damage)
             ... with an accursed screaming
             ... on level 2 of the Abyss.
             The game lasted 00:38:37 (13066 turns).

bmack86 the Severer (Minotaur Fighter)             Turns: 13066, Time: 00:38:37

Health: -5/128     AC: 24    Str: 23    XL:     13   Next: 50%
Magic:  12/12      EV:  6    Int:  5    God:    Gozag
Gold:   3003       SH:  0    Dex: 11    Spells: 12/12 levels left

rFire   + . .        b - +2 broad axe (elec)
rCold   + . .        t - +2 kite shield
rNeg    . . .        J - +0 plate armour
rPois   +            K - +1 hat
rElec   +            H - +0 cloak
rCorr   +            (no gloves)
SInv    +            B - +2 pair of boots
Will    .....        y - amulet of regeneration Stlth
                     j - +4 ring of protection
HPRegen 1.21/turn    i - ring of see invisible
MPRegen 0.13/turn

%: no passive effects
@: confused, mighty, resistant, hasted, very quick
A: horns 2, retaliatory headbutt, ([teleportitis 2]), [weak 1]
a: Renounce Religion, Potion Petition, Call Merchant, Bribe Branch


You were on level 2 of the Abyss.
You worshipped Gozag.
Gozag was most pleased with you.
You visited 2 branches of the dungeon, and saw 15 of its levels.
You visited the Abyss 1 time.
You also visited: Sewer.

You collected 3712 gold pieces.
You paid 709 gold pieces to Gozag.

Inventory:

Hand Weapons
 a - a +1 war axe
 b - a +2 broad axe of electrocution (weapon)
 w - a +3 war axe of freezing
Missiles
 m - 3 curare-tipped darts
 n - 16 javelins (quivered)
 p - 2 throwing nets
 F - 8 boomerangs
Armour
 t - a +2 kite shield (worn)
 B - a +2 pair of boots (worn)
 H - a +0 cloak (worn)
 J - a +0 plate armour (worn)
 K - a +1 hat (worn)
Jewellery
 i - a ring of see invisible (right hand)
 j - a +4 ring of protection (left hand)
 x - a +4 ring of protection
 y - an amulet of regeneration (around neck)
Wands
 s - a wand of digging (4)
 u - a wand of paralysis (9)
 A - a wand of polymorph (8)
 D - a wand of iceblast (12)
 L - a wand of light (3)
Scrolls
 c - a scroll of fog
 g - 9 scrolls of teleportation
 r - 2 scrolls of blinking
 z - 2 scrolls of fear
 I - 3 scrolls of poison
 M - 2 scrolls of identify
Potions
 d - 2 potions of might
 e - 7 potions of curing
 f - 8 potions of invisibility
 h - 4 potions of flight
 k - 2 potions of mutation
 l - a potion of haste
 q - 5 potions of resistance
 v - 2 potions of ambrosia
 E - 3 potions of brilliance
 G - a potion of lignification
Miscellaneous
 C - a phantom mirror


   Skills:
 * Level 15.9 Fighting
 - Level 18.0 Axes
 + Level 4.0 Throwing
 + Level 10.9 Armour
 - Level 10.0 Shields


You had 12 spell levels left.
You didn't know any spells.
Your spell library contained the following spells:

 Spells                   Type           Power      Damage    Failure   Level
 Necrotise                Necr           0%         1d4       100%        1
 Slow                     Hex            0%         N/A       100%        1
 Confusing Touch          Hex            0%         N/A       100%        3
 Ozocubu's Armour         Ice            0%         N/A       100%        3
 Summon Guardian Golem    Hex/Summ       0%         N/A       100%        3
 Vampiric Draining        Necr           0%         2d6       100%        3
 Vhi's Electric Charge    Tloc/Air       0%         N/A       100%        3
 Agony                    Necr           0%         N/A       100%        5
 Arcjolt                  Conj/Air       0%         1d10      100%        5
 Metabolic Englaciation   Hex/Ice        0%         N/A       100%        5
 Plasma Beam              Fire/Air       0%         2x1d11    100%        6
 Haunt                    Necr/Summ      0%         N/A       100%        7
 Orb of Destruction       Conj           0%         9d5       100%        7
 Spellforged Servitor     Conj/Summ      0%         N/A       100%        7
 Infestation              Necr           0%         N/A       100%        8
 Animate Dead             Necr           Unusable   N/A       N/A         4
 Simulacrum               Ice/Necr       Unusable   N/A       N/A         6

Dungeon Overview and Level Annotations

Branches:
Dungeon (14/15)            Temple (1/1) D:5            Lair (0/5) D:8
    Orc (0/2) D:12          Sewer (visited)
 Vaults: D:13-14

Altars:
Ashenzari
Cheibriados
Dithmenos
Elyvilon
Fedhas
Gozag
Hepliaklqana
Kikubaaqudgha
Makhleb
Nemelex Xobeh
Okawaru
Qazlal
Ru
Sif Muna
Trog
Uskayaw
Vehumet
Wu Jian
Xom
Yredelemnul
Zin
The Shining One

Shops:
D:11 (

Annotations:
D:8 1 transporter


Innate Abilities, Weirdness & Mutations

You have a pair of horns on your head.
You reflexively headbutt those who attack you in melee.
[((You are often teleported next to monsters.))]
[You are weak. (Str -2)]


Message History

The tarantella touches you but does no damage.
The worldbinder hits you but does no damage.
The worldbinder closely misses you. The tarantella barely misses you.
Unknown command.
You feel much better.
The worldbinder hits you but does no damage. x2
The tarantella touches you. x2
A deafening chorus of shrieks assaults your mind!
* * * LOW HITPOINT WARNING * * *
You shrug off the repeated paralysis!
You barely miss the worldbinder.
The worldbinder is moderately damaged.
You miss the tarantella.
You hit the tarantella but do no damage.
The worldbinder hits you but does no damage.
The worldbinder hits you.
* * * LOW HITPOINT WARNING * * *
The tarantella touches you but does no damage. x2
You feel yourself speed up. The tarantella barely misses you.
The tarantella completely misses you.
The worldbinder hits you but does no damage.
The worldbinder hits you.
* * * LOW HITPOINT WARNING * * *
The tarantella touches you but does no damage.
The tarantella touches you.
* * * LOW HITPOINT WARNING * * *
The worldbinder hits you but does no damage.
The worldbinder hits you.
* * * LOW HITPOINT WARNING * * *
You feel very mighty all of a sudden.
The tarantella touches you but does no damage.
The tarantella touches you.
* * * LOW HITPOINT WARNING * * *
The worldbinder hits you but does no damage. x2
You bump into the stone wall.
The tarantella touches you!
* * * LOW HITPOINT WARNING * * *
You are more confused.
A deafening chorus of shrieks assaults your mind!
You die...
Your body crumbles into a pile of gold.

#. . #...# #
...#..## #
..#.. ## .##
#####..# . #
..... ...###.
#
.#..#...#####
.# #.... # #
##s#. #
#@###.# #sx#
##


#XXXX .X##X#s ..X #...# ##. .#. # . . # .# . You could see 7 starcursed masses,
a wolf spider (summoned), a worldbinder and 2 tarantellas.

Vanquished Creatures
  Gastronok (D:12)
  A shadow dragon (D:12)
  A stone giant (D:12)
  Snorg (D:12)
  2 vault guards (D:14)
  A hydra (D:12)
  Fannar (D:12)
  2 death knights (D:12)
  2 centaur warriors
  5 two-headed ogres
  2 boulder beetles
  2 tengu warriors
  A deep troll earth mage (D:12)
  A wretched star (Abyss:2)
  A sixfirhy (Abyss:2)
  2 starcursed masses (Abyss:2)
  2 deep elf pyromancers (D:12)
  A cyclops (D:12)
  3 ugly things (D:14)
  2 large abominations (Abyss:2)
  3 manticores (D:12)
  9 slime creatures
  3 kobold demonologists
  2 efreet
  4 trolls
  A queen bee (shapeshifter) (D:12)
  3 meliai (D:13)
  3 hornets
  A water elemental (D:13)
  Sigmund (D:6)
  A ynoxinul (Abyss:2)
  2 shadows
  2 wraiths
  2 vampires
  A wyvern (D:8)
  8 yaks
  16 humans (D:14)
  2 steam dragons
  A basilisk (D:12)
  A neqoxec (Abyss:2)
  Edmund (D:6)
  A water moccasin (D:8)
  2 acid dragons
  Duvessa (D:6)
  4 orc warriors
  An ice beast (D:7)
  2 black bears
  A sky beast (D:7)
  5 centaurs
  An ogre (D:6)
  9 kobold brigands
  3 small abominations (Abyss:2)
  A bullfrog (D:9)
  A gnoll sergeant (D:4)
  4 wights (D:7)
  Dowan (D:6)
  3 electric eels (D:13)
  5 howler monkeys
  A quasit (Abyss:2)
  4 orc priests
  3 jellies
  A gnoll bouda (D:8)
  2 hounds (D:6)
  2 sleepcaps
  Jessica (D:2)
  7 iguanas
  8 orc wizards
  Robin (D:2)
  23 gnolls
  13 adders
  2 shadow imps
  2 white imps (Abyss:2)
  2 worms (D:2)
  2 dart slugs (D:4)
  59 orcs
  15 ball pythons
  8 bats
  6 endoplasms
  3 giant cockroaches
  20 hobgoblins
  2 quokkas
  4 frilled lizards
  24 goblins
  71 kobolds
  9 rats
441 creatures vanquished.

Vanquished Creatures (others)
  A wizard (D:14)
1 creature vanquished.

Grand Total: 442 creatures vanquished

Notes
Turn   | Place    | Note
-------+----------+-------------------------------------------
     0 | D:1      | bmack86 the Minotaur Fighter began the quest for the Orb.
     0 | D:1      | Reached XP level 1. HP: 19/19 MP: 0/0
    79 | D:1      | Reached skill level 3 in Axes
   125 | D:1      | Reached XP level 2. HP: 26/26 MP: 1/1
   221 | D:1      | Reached skill level 4 in Axes
   287 | D:1      | Reached XP level 3. HP: 31/31 MP: 2/2
   611 | D:2      | Noticed Jessica
   612 | D:2      | Noticed Robin
   618 | D:2      | Killed Jessica
   619 | D:2      | Reached skill level 5 in Axes
   619 | D:2      | Reached XP level 4. HP: 38/39 MP: 3/3
   619 | D:2      | Killed Robin
   856 | D:2      | Reached skill level 6 in Axes
  1415 | D:3      | Found a glowing drain.
  1422 | Sewer    | Entered a sewer
  1463 | Sewer    | Reached XP level 5. HP: 45/45 MP: 4/4
  1558 | Sewer    | Reached skill level 7 in Axes
  1724 | Sewer    | Reached skill level 8 in Axes
  1724 | Sewer    | Reached XP level 6. HP: 48/51 MP: 5/5
  2108 | D:3      | Identified the +1 flail "Beosodel" {drain, *Noise rN+
                  | Int+3}
  2150 | D:3      | Found a faded altar of an unknown god.
  2654 | D:4      | Found an iron altar of Okawaru.
  2661 | D:4      | Found an ornate altar of the Wu Jian Council.
  2663 | D:4      | Found an opulent altar of Gozag.
  2663 | D:4      | Found a sacrificial altar of Ru.
  2665 | D:4      | Found a shimmering altar of Xom.
  2681 | D:4      | Became a worshipper of Gozag Ym Sagoz the Greedy
  3149 | D:4      | Found a glowing golden altar of the Shining One.
  3195 | D:4      | Reached skill level 9 in Axes
  3675 | D:5      | Entered Level 5 of the Dungeon
  3689 | D:5      | Reached XP level 7. HP: 48/57 MP: 6/6
  3719 | D:5      | Noticed a shadow
  3734 | D:5      | Killed a shadow
  3735 | D:5      | Reached skill level 10 in Axes
  3972 | D:5      | Found a staircase to the Ecumenical Temple.
  3996 | Temple   | Entered the Ecumenical Temple
  4260 | D:5      | Identified the +5 mace "Usuavea" {chaos, rF+}
  4798 | D:5      | Reached skill level 11 in Axes
  4833 | D:5      | Reached XP level 8. HP: 45/64 MP: 7/7
  5091 | D:5      | Reached skill level 12 in Axes
  5575 | D:6      | Noticed Edmund
  5575 | D:6      | Noticed Sigmund
  5592 | D:6      | Killed Edmund
  5593 | D:6      | Reached skill level 13 in Axes
  5603 | D:6      | Killed Sigmund
  6059 | D:6      | Noticed Duvessa
  6062 | D:6      | Reached XP level 9. HP: 68/70 MP: 8/8
  6066 | D:6      | Noticed Dowan
  6071 | D:6      | Killed Duvessa
  6072 | D:6      | Reached skill level 14 in Axes
  6075 | D:6      | Killed Dowan
  6558 | D:7      | Reached skill level 5 in Fighting
  6578 | D:7      | Reached skill level 5 in Shields
  6878 | D:8      | Noticed a kobold demonologist
  6882 | D:8      | Noticed a soul eater
  6888 | D:8      | Killed a kobold demonologist
  7060 | D:8      | Reached XP level 10. HP: 83/90 MP: 9/9
  7374 | D:8      | Found a broken altar of Ashenzari.
  7587 | D:8      | Identified the +3 hand axe of Desertification {spect, Int+2
                  | Stlth+}
  7809 | D:8      | Found a staircase to the Lair.
  7945 | D:8      | Found a sparkling altar of Nemelex Xobeh.
  7945 | D:8      | Found a transporter.
  7945 | D:8      | Noticed a manticore
  8130 | D:9      | Reached skill level 10 in Fighting
  8266 | D:9      | Found a stormy altar of Qazlal.
  8270 | D:9      | Found a white marble altar of Elyvilon.
  8274 | D:9      | Found a radiant altar of Vehumet.
  9041 | D:10     | Entered Level 10 of the Dungeon
  9155 | D:10     | Noticed a two-headed ogre
  9166 | D:10     | Killed a two-headed ogre
  9321 | D:10     | Identified a scroll of acquirement
  9321 | D:10     | Acquired a +2 broad axe of electrocution
  9632 | D:11     | Found Geowka's Weapon Shoppe.
  9635 | D:11     | Noticed a two-headed ogre
  9644 | D:11     | Killed a two-headed ogre
  9665 | D:11     | Noticed a two-headed ogre
  9670 | D:11     | Killed a two-headed ogre
  9671 | D:11     | Reached XP level 11. HP: 90/104 MP: 10/10
 10344 | D:12     | Noticed a deep elf pyromancer
 10345 | D:12     | Noticed a two-headed ogre
 10353 | D:12     | Killed a two-headed ogre
 10354 | D:12     | Reached skill level 5 in Armour
 10360 | D:12     | Noticed a deep troll earth mage
 10368 | D:12     | Killed a deep troll earth mage
 10369 | D:12     | Reached skill level 15 in Axes
 10597 | D:12     | Noticed Fannar
 10605 | D:12     | Killed Fannar
 10682 | D:12     | Reached skill level 10 in Shields
 10737 | D:12     | Found a staircase to the Orcish Mines.
 11153 | D:12     | Killed a deep elf pyromancer
 11154 | D:12     | Reached skill level 16 in Axes
 11286 | D:12     | Noticed Snorg
 11288 | D:12     | Noticed Gastronok
 11297 | D:12     | Noticed a two-headed ogre
 11300 | D:12     | Killed Snorg
 11310 | D:12     | Killed Gastronok
 11311 | D:12     | Reached XP level 12. HP: 45/115 MP: 11/11
 11313 | D:12     | Killed a two-headed ogre
 11414 | D:12     | Noticed a tengu warrior
 11428 | D:12     | Killed a tengu warrior
 11434 | D:12     | Noticed a boulder beetle
 11452 | D:12     | Killed a boulder beetle
 11520 | D:12     | Noticed a death knight
 11530 | D:12     | Killed a death knight
 11531 | D:12     | Reached skill level 17 in Axes
 11625 | D:12     | Noticed a death knight
 11626 | D:12     | Noticed a stone giant
 11636 | D:12     | Killed a stone giant
 11643 | D:12     | Killed a death knight
 11644 | D:12     | Noticed a shadow dragon
 11653 | D:12     | Killed a shadow dragon
 11767 | D:12     | Noticed an eight-headed hydra
 11775 | D:12     | Killed a 12-headed hydra
 11925 | D:13     | Noticed a centaur warrior
 11935 | D:13     | Killed a centaur warrior
 11937 | D:13     | Reached skill level 18 in Axes
 12187 | D:13     | You fall into a shaft and drop 1 floor!
 12218 | D:14     | Noticed a tengu warrior
 12233 | D:14     | Killed a tengu warrior
 12246 | D:14     | Reached skill level 1 in Throwing
 12247 | D:14     | Reached XP level 13. HP: 125/125 MP: 12/12
 12404 | D:14     | Reached skill level 10 in Armour
 12681 | D:14     | Reached skill level 15 in Fighting
 12755 | Abyss:2  | Cast into level 2 of the Abyss (a wizard)
 12863 | Abyss:2  | Noticed a green death
 12939 | Abyss:2  | Noticed a starcursed mass
 13040 | Abyss:2  | Noticed a starcursed mass
 13059 | Abyss:2  | Paralysed by accursed screaming for 1 turns
 13060 | Abyss:2  | HP: 6/128 [starcursed mass/accursed screaming (8)]
 13066 | Abyss:2  | HP: 6/128 [tarantella[a worldbinder] (10)]
 13066 | Abyss:2  | Killed from afar by a starcursed mass

Illustrated notes

Levels and vault maps discovered:
D:1:      elethiomel_arrival_diamonds, layout_rooms, nrook_campfire
D:2:      layout_loops_cross, uniq_jessica, uniq_robin
D:3:      layout_loops_ring, dreamdust_ecumenical_altar_hidden_monk_grotto,
          gup_sewer_entry_bowl
D:4:      layout_loops_corners, nicolae_overflow_crystal_walls, minitemple,
          chequers_serial_rivers_room_b
D:5:      minmay_goblin_kobold_castle, layout_cave_pods,
          minmay_temple_entry_glassed_door
D:6:      layout_loops_ring, sigmund_edmund_badplayer, uniq_duvessa
D:7:      layout_rooms, minmay_checkerbox
D:8:      corexii_shantytown, layout_loops_ring, grunt_nemelex_the_gamble,
          lemuel_doored_altar, lair_entry_dummy
D:9:      layout_loops_corners, grunt_temple_overflow_diamond
D:10:     layout_rooms
D:11:     layout_irregular_city, serial_shops, nicolae_shop_getting_attention,
          minmay_hedge_maze, minmay_starry_boxes
D:12:     minmay_two_paths, layout_loops_ring, hiddenorc2_lemuel,
          kennysheep_island_fort, uniq_fannar, uniq_snorg, uniq_gastronok
D:13:     layout_irregular_city, kennysheep_boxes
D:14:     layout_small_grid, grunt_vaults_entry_tiered, serial_bayou_crossing
Temple:   bh_familiar_temple
Abyss:2:  base: D:14, minivault_24

Skill      XL: |  1  2  3  4  5  6  7  8  9 10 11 12 13 |
---------------+----------------------------------------+-----
Axes           | 3 4 5 6 8 9 11 13 14 16 18 | 18.0
Fighting       | 8 11 13 14 15 | 15.9
Shields        | 6 9 10 | 10.0
Armour         | 4 7 9 10 | 10.9
Throwing       | 1 4 |  4.0

Action                     |  1- 3 |  4- 6 |  7- 9 | 10-12 | 13-15 || total
---------------------------+-------+-------+-------+-------+-------++-------
  Melee: War axe           |    49 |   195 |   290 |   153 |       ||   687
         Headbutt          |     3 |    19 |    43 |    99 |    35 ||   199
         Broad axe         |       |       |       |   293 |   133 ||   426
  Throw: Javelin           |       |       |       |     5 |     1 ||     6
 Invoke: Potion Petition   |       |       |       |     1 |     2 ||     3
    Use: Scroll            |     1 |     6 |    11 |     9 |     1 ||    28
         Potion            |       |       |     3 |     5 |     6 ||    14
   Stab: Distracted        |       |       |     3 |     1 |       ||     4
         Invisible         |       |       |       |     1 |       ||     1
 Armour: Scale mail        |    22 |       |       |       |       ||    22
         Chain mail        |     3 |   112 |   155 |    24 |       ||   294
         Plate armour      |       |       |       |   209 |    96 ||   305
  Dodge: Dodged            |    37 |    72 |    67 |    66 |    35 ||   277
  Block: Buckler           |    16 |    42 |     1 |       |       ||    59
         Kite shield       |       |       |   120 |   233 |    62 ||   415
